 Dungeon Crawl Stone Soup version 0.23-b1-75-g379dba2534 (webtiles) character file.

Game seed: 7250862875311527014

12364 Revguard the Cleaver (level 11, -9/156 HPs)
             Began as a Deep Dwarf Berserker on Feb 7, 2019.
             Was a High Priest of Trog.
             Mangled by an orc warrior
             ... wielding a +0 hand axe
             ... led by an orc warlord
              (13 damage)
             ... on level 1 of the Orcish Mines.
             The game lasted 00:41:14 (8200 turns).

Revguard the Cleaver (Deep Dwarf Berserker)         Turns: 8200, Time: 00:41:15

Health: -9/156     AC: 32    Str: 25    XL:     11   Next: 61%
Magic:  12/12      EV:  2    Int:  8    God:    Trog [*****.]
Gold:   557        SH:  0    Dex: 15    Spells: 10/10 levels left

rFire    . . .     SeeInvis +   N - +0 war axe "Qeuggutuw" {protect, Fragile rN+++ MR+}
rCold    . . .     Gourm    .   (no shield)
rNeg     + + +     Faith    .   (armour currently unavailable)
rPois    +         Spirit   .   (helmet currently unavailable)
rElec    .         Reflect  .   (cloak currently unavailable)
rCorr    .         Harm     .   (gloves currently unavailable)
MR       ++++.     NoTele   +   (boots currently unavailable)
Stlth    +.........             L - amulet "Koile" {RegenMP SInv}
HPRegen  1.00/turn              y - +4 ring of strength
MPRegen  0.38/turn              q - +2 ring of slaying

@: tree-form, protection aura, berserk cooldown, non-regenerating, slowed, very
slow
A: damage resistance, heal wounds, sense surroundings 2, no regeneration
a: Heal Wounds, Berserk, Trog's Hand, Brothers in Arms, Renounce Religion


You were on level 1 of the Orcish Mines.
You worshipped Trog.
Trog was extremely pleased with you.
You were near starving.
You were a tree.
You visited 2 branches of the dungeon, and saw 11 of its levels.
You also visited: Ossuary.

You collected 1010 gold pieces.
You spent 453 gold pieces at shops.

Inventory:

Hand Weapons
 C - the +3 executioner's axe "Fuolakkeuko" {elec, rN+ Str+3 Int-2}
   (Trog gifted it to you on level 9 of the Dungeon)

   Occasionally, upon striking a foe, it will discharge some electrical energy
   and cause terrible harm.
   It affects your strength (+3).
   It affects your intelligence (-2).
   It protects you from negative energy.
 K - a +1 battleaxe of chopping
 N - the +0 war axe "Qeuggutuw" (weapon) {protect, Fragile rN+++ MR+}
   (You found it on level 10 of the Dungeon)

   It protects the one who uses it against injury (+AC on strike).
   It renders you almost immune to negative energy.
   It affects your resistance to hostile enchantments.
   It will be destroyed if unequipped.
Armour
 d - a +2 pair of gloves (melded)
 j - a +0 plate armour (melded)
 r - a +0 cloak (melded)
Jewellery
 i - an uncursed ring of fire
 n - an uncursed amulet of the acrobat
 q - a +2 ring of slaying (right branch)
 y - a +4 ring of strength (left branch)
 z - an uncursed ring of see invisible
 G - an uncursed ring of poison resistance
 H - a +4 ring of protection {unknown}
 L - the amulet "Koile" (around neck) {RegenMP SInv}
   (You bought it in a shop on level 9 of the Dungeon)

   [amulet of magic regeneration]

   It increases your magic regeneration.
   It lets you see invisible.
Wands
 e - a wand of iceblast (9)
 k - a wand of polymorph (6)
 p - a wand of random effects (18)
 u - a wand of scattershot (13)
 J - a wand of disintegration (5)
Scrolls
 g - 2 scrolls of enchant weapon
 h - 8 scrolls of teleportation
 s - 3 scrolls of enchant armour
 t - a scroll of random uselessness {unknown}
 w - 3 scrolls of blinking {unknown}
 A - 2 scrolls of fog {unknown}
 B - 4 scrolls of immolation
 E - 2 scrolls of silence {unknown}
 F - a scroll of magic mapping {unknown}
Potions
 b - 2 potions of haste
 f - 4 potions of agility
 l - 2 potions of brilliance
 m - 5 potions of curing
 o - a potion of resistance
 v - 5 potions of lignification
 x - 2 potions of degeneration
 D - a potion of heal wounds
 I - a potion of berserk rage
 M - a potion of cancellation
Comestibles
 a - 3 chunks of flesh
 c - 15 rations


   Skills:
 + Level 8.3 Fighting
 + Level 14.3 Axes
 + Level 8.7 Armour
 + Level 4.9 Dodging
 + Level 6.2 Evocations


You had 10 spell levels left.
You didn't know any spells.
Your spell library was empty.

Dungeon Overview and Level Annotations

Branches:
Dungeon (10/15)            Temple (0/1) D:7            Lair (0/6) D:9
    Orc (1/2) D:10

Altars:
Cheibriados
Nemelex Xobeh

Shops:
D:9 =


Innate Abilities, Weirdness & Mutations

You are resistant to damage.
You can heal yourself by infusing magical energy.
You passively map the area around you.
You do not regenerate.
((You have a pair of horns on your head.))


Message History

* * * LOW HITPOINT WARNING * * *
You feel much better.
The orc warrior hits you with a +0 hand axe.
The orc misses you. The orc warrior closely misses you.
The orc warlord hits you but does no damage.
The orc warrior hits you with a +0 hand axe!!
* * * LOW HITPOINT WARNING * * *
Really quaff the potion of lignification?
You turn into a tree.
Your +0 cloak melds into your body.
Your +2 pair of gloves melds into your body.
Your +0 plate armour melds into your body.
Your roots penetrate the ground.
The orc no longer looks unusually strong.
The orc warrior no longer looks unusually strong.
The orc hits you but does no damage. x2
The orc warrior hits you but does no damage.
The orc warlord hits you from afar with a +4 glaive of chopping!!
* * * LOW HITPOINT WARNING * * *
x2 The orc warrior hits you with a +0 hand axe!
You die...

* ##.# ** * ##.. #.#...
##..##### #.....##
##.......#
#......####........###
...........#.....^.....##
...........#....oo......#
.... #....#...)♣oo......*
.... ##.......)o#o.$....
....###.).......####.....
.....#)..........#, ....
* .................#,
,,o..
.............#........ o#
....)...)..#.#........ *#
##....))..####.......#
###..)[)## #.#..##.#


You could see an orc warlord, 2 orc warriors and 3 orcs.

Vanquished Creatures
  A hydra (D:10)
  2 two-headed ogres
  Pikel (D:4)
  An orc sorcerer (Orc:1)
  Maurice (Orc:1)
  A gargoyle (D:10)
  A hornet (D:9)
  3 trolls
  Grinder (D:3)
  2 hippogriffs
  2 wyverns (D:9)
  A vampire (D:9)
  Eustachio (D:6)
  A hungry ghost (D:9)
  2 wargs
  A necrophage (D:7)
  14 orc warriors
  2 sky beasts (D:7)
  2 slaves (D:4)
  A black bear (D:9)
  9 ogres
  3 phantoms
  An eye of draining (D:9)
  4 centaurs
  A big kobold (D:8)
  5 bullfrogs
  9 scorpions
  A howler monkey (D:5)
  9 wights (D:9)
  A bullfrog zombie (D:5)
  3 centaur zombies (Ossuary)
  3 crimson imps
  4 jellies
  13 orc wizards
  A quasit (D:8)
  A gnoll shaman (D:7)
  6 orc priests
  Crazy Yiuf (D:3)
  4 hounds
  An iguana (D:9)
  Jessica (D:2)
  3 bullfrog skeletons
  11 worker ants
  Ijyb (D:3)
  Natasha (twice) (D:3)
  A hound zombie (D:8)
  4 mummies
  5 gnolls (D:7)
  A howler monkey skeleton (D:6)
  A worker ant zombie (D:5)
  12 adders
  2 scorpion zombies (Ossuary)
  A shadow imp (D:9)
  3 oozes
  2 adder skeletons
  An adder zombie (D:9)
  4 worms
  2 dart slugs
  4 leopard geckos
  44 orcs
  6 bats
  A giant cockroach (D:2)
  3 gnoll zombies (Ossuary)
  7 goblins
  6 hobgoblins
  16 jackals
  5 quokkas
  3 ball pythons
  3 frilled lizards (D:4)
  3 goblin zombies
  6 hobgoblin zombies (Ossuary)
  A jackal zombie (D:5)
  18 kobolds
  3 kobold zombies
  An orc zombie (Ossuary)
  A quokka skeleton (D:8)
  2 quokka zombies
  4 rats
315 creatures vanquished.

Vanquished Creatures (collateral kills)
  A hydra (D:10)
  A hippogriff (D:10)
2 creatures vanquished.

Vanquished Creatures (others)
  An orc priest (D:10)
  2 orcs
3 creatures vanquished.

Grand Total: 320 creatures vanquished

Notes
Turn   | Place    | Note
-------+----------+-------------------------------------------
     0 | D:1      | Revguard the Deep Dwarf Berserker began the quest for the
                  | Orb.
     0 | D:1      | Reached XP level 1. HP: 20/20 MP: 1/1
   106 | D:1      | Reached XP level 2. HP: 25/27 MP: 2/2
   538 | D:1      | Reached XP level 3. HP: 21/34 MP: 3/3
   888 | D:2      | Reached skill level 4 in Axes
   899 | D:2      | Noticed Jessica
   904 | D:2      | Killed Jessica
  1011 | D:2      | Reached ** piety under Trog
  1054 | D:2      | Reached XP level 4. HP: 42/42 MP: 4/4
  1804 | D:3      | Reached skill level 5 in Axes
  1804 | D:3      | Reached XP level 5. HP: 26/49 MP: 5/5
  1892 | D:3      | Found a snail-covered altar of Cheibriados.
  1924 | D:3      | Noticed Ijyb
  1977 | D:3      | Killed Ijyb
  2008 | D:3      | Reached *** piety under Trog
  2082 | D:3      | Noticed Natasha
  2086 | D:3      | Killed Natasha
  2086 | D:3      | Reached XP level 6. HP: 46/57 MP: 6/6
  2211 | D:3      | Noticed Natasha
  2216 | D:3      | Killed Natasha
  2230 | D:3      | Noticed Grinder
  2258 | D:3      | Killed Grinder
  2258 | D:3      | Reached skill level 6 in Axes
  2470 | D:3      | Reached XP level 7. HP: 47/64 MP: 7/7
  2479 | D:3      | Found a runed translucent door.
  2480 | D:3      | Noticed Crazy Yiuf
  2493 | D:3      | Killed Crazy Yiuf
  2781 | D:4      | Reached skill level 7 in Axes
  2781 | D:4      | Reached skill level 1 in Evocations
  2795 | D:4      | Noticed Pikel
  2837 | D:4      | Killed Pikel
  2837 | D:4      | Reached skill level 5 in Armour
  2837 | D:4      | Reached XP level 8. HP: 66/73 MP: 7/10
  3017 | D:4      | Reached skill level 8 in Axes
  3446 | D:5      | Entered Level 5 of the Dungeon
  3478 | D:5      | Reached skill level 5 in Fighting
  3914 | D:5      | Gained mutation: You have a pair of small horns on your
                  | head. [potion of mutation]
  3914 | D:5      | Gained mutation: You have a pair of horns on your head.
                  | [potion of mutation]
  3939 | D:6      | Noticed a hippogriff
  3949 | D:6      | Killed a hippogriff
  3949 | D:6      | Reached skill level 9 in Axes
  4010 | D:6      | You fall through a shaft for 2 floors!
  4046 | D:8      | Found a sand-covered staircase.
  4057 | Ossuary  | Entered an ossuary
  4074 | Ossuary  | Reached **** piety under Trog
  4182 | Ossuary  | Gained mutation: You passively map the area around you.
                  | [Deep Dwarf growth]
  4182 | Ossuary  | Reached XP level 9. HP: 59/81 MP: 12/12
  4312 | Ossuary  | Reached skill level 5 in Evocations
  4794 | D:8      | Noticed a two-headed ogre
  4803 | D:8      | Killed a two-headed ogre
  4803 | D:8      | Reached skill level 10 in Axes
  4867 | D:8      | Got a jet-encrusted ring mail
  4878 | D:8      | Identified the +2 ring mail of Dastrug {Str+3 SInv Stlth-}
                  | (You found it on level 8 of the Dungeon)
  5240 | D:7      | Found a sparkling altar of Nemelex Xobeh.
  5472 | D:7      | Found a staircase to the Ecumenical Temple.
  5512 | D:7      | Reached skill level 11 in Axes
  5576 | D:7      | Reached XP level 10. HP: 59/92 MP: 14/14
  5606 | D:7      | Reached ***** piety under Trog
  6147 | D:6      | Noticed Eustachio
  6157 | D:6      | Killed Eustachio
  6742 | D:9      | Reached skill level 12 in Axes
  6774 | D:9      | Received a gift from Trog
  6778 | D:9      | Got a slimy executioner's axe {god gift}
  6780 | D:9      | Identified the +3 executioner's axe "Fuolakkeuko" {elec,
                  | rN+ Str+3 Int-2} (Trog gifted it to you on level 9 of the
                  | Dungeon)
  6923 | D:9      | Found Rokkis's Jewellery Shoppe.
  6932 | D:9      | Bought the amulet "Koile" {RegenMP SInv} for 453 gold
                  | pieces
  6963 | D:9      | Found a staircase to the Lair.
  7129 | D:9      | Noticed a two-headed ogre
  7135 | D:9      | Killed a two-headed ogre
  7261 | D:9      | Reached skill level 13 in Axes
  7280 | D:9      | Reached XP level 11. HP: 78/100 MP: 15/15
  7366 | D:10     | Entered Level 10 of the Dungeon
  7366 | D:10     | Found a staircase to the Orcish Mines.
  7499 | D:10     | Noticed a six-headed hydra
  7501 | D:10     | Noticed a four-headed hydra
  7506 | D:10     | Killed a nine-headed hydra
  7508 | D:10     | Killed a five-headed hydra
  7912 | D:10     | Got an iridescent war axe
  7913 | D:10     | Identified the cursed +0 war axe "Qeuggutuw" {protect,
                  | Fragile rN+++ MR+} (You found it on level 10 of the
                  | Dungeon)
  8002 | Orc:1    | Entered Level 1 of the Orcish Mines
  8002 | Orc:1    | Noticed Maurice
  8010 | Orc:1    | Killed Maurice
  8014 | Orc:1    | Reached skill level 14 in Axes
  8176 | Orc:1    | Noticed an orc sorcerer
  8178 | Orc:1    | Noticed an orc warlord
  8185 | Orc:1    | Noticed a soul eater
  8187 | Orc:1    | Killed an orc sorcerer
  8200 | Orc:1    | HP: 7/156 [orc warlord/+4 glaive of chopping (25)]
  8200 | Orc:1    | Mangled by an orc warrior

Skill      XL: |  1  2  3  4  5  6  7  8  9 10 11 |
---------------+----------------------------------+-----
Fighting       | 3 4 5 6 7 8 |  8.3
Axes           | 4 5 6 7 9 11 13 14 | 14.3
Dodging        | 3 4 |  4.9
Armour         | 3 5 6 7 8 |  8.7
Evocations     | 3 4 6 |  6.2

Action                   |  1- 3 |  4- 6 |  7- 9 | 10-12 || total
-------------------------+-------+-------+-------+-------++-------
Melee: Hand axe          |    95 |   211 |   366 |       ||   672
       Unarmed           |       |    25 |       |       ||    25
       Headbutt          |       |       |    43 |    54 ||    97
       Battleaxe         |       |       |     6 |    85 ||    91
       Executioner's axe |       |       |       |    98 ||    98
       War axe           |       |       |       |    54 ||    54
Invok: Trog's Hand       |       |     1 |     4 |     6 ||    11
       Berserk           |       |     1 |     2 |     5 ||     8
       Brothers in Arms  |       |       |       |     1 ||     1
 Abil: Heal Wounds       |     1 |     2 |     4 |     9 ||    16
  Use: Scroll            |       |     3 |    12 |     2 ||    17
       Potion            |       |       |     2 |     3 ||     5
  Eat: Chunk             |       |     6 |    10 |    16 ||    32
       Ration            |       |       |     1 |       ||     1
Armor: Animal skin       |    24 |       |       |       ||    24
       Plate armour      |    30 |   130 |   233 |    89 ||   482
       Ring mail         |       |       |     6 |    49 ||    55
       Skin              |       |       |       |     3 ||     3
Dodge: Dodged            |    66 |   122 |   215 |   208 ||   611
